 Dungeon Crawl Stone Soup version 0.19.6-3-g7d5932f76a (webtiles) character file.

635 EnegeticOcto the Conjurer (level 7, -1/41 HPs)
             Began as a High Elf Conjurer on Feb 8, 2021.
             Slain by a bullfrog (5 damage)
             ... on level 6 of the Dungeon.
             The game lasted 00:11:08 (924 turns).

EnegeticOcto the Conjurer (High Elf Conjurer)        Turns: 924, Time: 00:11:08

Health: -1/41      AC:  2    Str:  7    XL:     7   Next: 25%
Magic:  0/13       EV: 13    Int: 20    God:
Gold:   68         SH:  0    Dex: 17    Spells: 3 memorised, 5 levels left

rFire  . . .     SeeInvis .     m - +2 quarterstaff (protect)
rCold  . . .     Gourm    .     a - +0 robe
rNeg   . . .     Faith    .     (shield currently unavailable)
rPois  .         Spirit   .     (no helmet)
rElec  .         Reflect  .     (no cloak)
rCorr  .         Harm     .     (no gloves)
MR     .....                    (no boots)
Stlth  ++........               (no amulet)
                                (no ring)
                                (no ring)

@: no status effects
A: no striking features
a: no special abilities


You were on level 6 of the Dungeon.
You were hungry.

You visited 1 branch of the dungeon, and saw 7 of its levels.

You collected 68 gold pieces.

Inventory:

Hand Weapons
 d - a +0 hand axe
   (You found it on level 1 of the Dungeon)
 j - a +3 hand axe
   (You took it off an orc on level 4 of the Dungeon)
 m - a +2 quarterstaff of protection (weapon)
   (You found it on level 7 of the Dungeon)
Armour
 a - a +0 robe (worn)
 e - a +0 buckler
   (You found it on level 7 of the Dungeon)
Wands
 g - a wand of iceblast (4/15) {@v2}
   (You found it on level 6 of the Dungeon)
Scrolls
 f - 2 scrolls of remove curse {unknown}
 h - a scroll of amnesia
 i - 2 scrolls of teleportation {@r3 !r}
 l - a scroll of enchant armour {unknown}
 n - a scroll of torment {unknown}
 p - a scroll of magic mapping {@r5 !r}
Books
 b - a book of Conjurations

   Spells                             Type                      Level
   a - Magic Dart                     Conjuration                  1
   b - Searing Ray                    Conjuration                  2
   c - Dazzling Spray                 Conjuration/Hexes            3
   d - Fulminant Prism                Conjuration/Hexes            4
   e - Iskenderun's Mystic Blast      Conjuration                  4
   f - Iskenderun's Battlesphere      Conjuration/Charms           5
Comestibles
 c - 4 bread rations
 k - a slice of pizza


   Skills:
 - Level 2.1 Dodging
 - Level 2.1 Stealth
 + Level 3.9 Spellcasting
 - Level 7.0 Conjurations
 + Level 6.2 Charms


You had 5 spell levels left.
You knew the following spells:

 Your Spells              Type           Power        Failure   Level  Hunger
a - Magic Dart            Conj           ####         1%          1    None
b - Searing Ray           Conj           ####..       1%          2    ##.....
c - Iskenderun's Battles  Conj/Chrm      ####....     24%         5    ######.


Dungeon Overview and Level Annotations

Branches:
Dungeon (7/15)
 Temple: D:4-7

Altars:
Nemelex Xobeh
Sif Muna

Annotations:
D:2 Terence
D:7 Dowan


Message History

You see here a leopard gecko corpse.
An orc comes into view. It is wielding a flail.
Found a coppery potion.
Casting: Magic Dart
Confirm with . or Enter, or press ? or * to list all spells.
Aiming: Magic Dart
Press: ? - help, Shift-Dir - straight line, f - orc
Aim: an orc, wielding a flail (resting)
The magic dart hits the orc.
The orc is severely wounded.
The orc shouts!
Casting: Magic Dart
Confirm with . or Enter, or press ? or * to list all spells.
Aiming: Magic Dart
Press: ? - help, Shift-Dir - straight line, f/p - orc
Aim: an orc, wielding a flail (severely wounded)
The magic dart hits the orc.
You kill the orc!
The ball python hisses angrily.
Casting: Magic Dart
Confirm with . or Enter, or press ? or * to list all spells.
Aiming: Magic Dart
Press: ? - help, Shift-Dir - straight line, f - ball python
Aim: a ball python The magic dart hits the ball python.
The ball python is moderately wounded.
A bullfrog comes into view.
You see here a leopard gecko corpse.
Casting: Magic Dart
Confirm with . or Enter, or press ? or * to list all spells.
Aiming: Magic Dart
Press: ? - help, Shift-Dir - straight line, f/p - ball python
Aim: a ball python (moderately wounded)
The magic dart hits the ball python.
You kill the ball python!
Casting: Magic Dart
Confirm with . or Enter, or press ? or * to list all spells.
Aiming: Searing Ray
Press: ? - help, Shift-Dir - straight line, f - you
Okay, then.
Casting: Searing Ray
Confirm with . or Enter, or press ? or * to list all spells.
Aiming: Magic Dart
Press: ? - help, Shift-Dir - straight line, f - bullfrog
Aim: a bullfrog The magic dart hits the bullfrog.
The bullfrog is lightly wounded.
Casting: Magic Dart
Confirm with . or Enter, or press ? or * to list all spells.
Aiming: Magic Dart
Press: ? - help, Shift-Dir - straight line, f/p - bullfrog
Aim: a bullfrog (lightly wounded)
The magic dart hits the bullfrog.
The bullfrog is moderately wounded.
Casting: Magic Dart
Confirm with . or Enter, or press ? or * to list all spells.
Aiming: Magic Dart
Press: ? - help, Shift-Dir - straight line, f/p - bullfrog
Aim: a bullfrog (moderately wounded)
The magic dart hits the bullfrog.
The bullfrog is moderately wounded.
You hit the bullfrog.
Your weapon exudes an aura of protection.
The bullfrog is moderately wounded.
The bullfrog hits you but does no damage.
The bullfrog closely misses you.
You hit the bullfrog.
The bullfrog is heavily wounded.
The bullfrog hits you. The bullfrog barely misses you.
You hit the bullfrog.
The bullfrog is heavily wounded.
The bullfrog hits you but does no damage.
The bullfrog barely misses you.
You closely miss the bullfrog.
The bullfrog is heavily wounded.
The bullfrog hits you but does no damage.
The bullfrog closely misses you.
You closely miss the bullfrog.
The bullfrog is heavily wounded.
The bullfrog barely misses you. The bullfrog hits you.
You closely miss the bullfrog.
The bullfrog is heavily wounded.
The bullfrog misses you. The bullfrog hits you!
* * * LOW HITPOINT WARNING * * *
You aren't carrying any potions.
Casting: Magic Dart
Confirm with . or Enter, or press ? or * to list all spells.
Aiming: Searing Ray
Press: ? - help, Shift-Dir - straight line, f/p - bullfrog
Aim: a bullfrog (heavily wounded)
The searing ray hits the bullfrog.
The bullfrog is almost dead. (Press . to maintain the ray.)
The bullfrog hits you.
* * * LOW HITPOINT WARNING * * *
The bullfrog misses you.
You closely miss the bullfrog.
The bullfrog is almost dead.
The bullfrog hits you.
You die...

... ...# ..#
#...# ..##
.#....### ...#
........##...###
.........#......
....†.........
...........#
........@>#
........F##
.........#
...###...# #.
#.... #.....
......)
....###!. #...#
###


You could see a bullfrog.

Vanquished Creatures
  A water moccasin (D:7)
  2 ogres
  2 bullfrogs (D:6)
  2 scorpions (D:4)
  An orc priest (D:6)
  A bullfrog skeleton (D:7)
  2 hound skeletons
  A howler monkey zombie (D:5)
  2 adders
  2 leopard geckos
  9 orcs
  A giant cockroach (D:3)
  3 goblins
  6 jackals
  A ball python (D:6)
36 creatures vanquished.

Notes
Turn   | Place    | Note
-------+----------+-------------------------------------------
     0 | D:1      | EnegeticOcto the High Elf Conjurer began the quest for the Orb.
     0 | D:1      | Reached XP level 1. HP: 11/11 MP: 4/4
    16 | D:2      | Noticed Terence
    54 | D:3      | Noticed an orc wizard
   118 | D:3      | Reached skill level 5 in Conjurations
   118 | D:3      | Reached XP level 2. HP: 17/17 MP: 0/6
   162 | D:3      | Learned a level 2 spell: Searing Ray
   193 | D:4      | Noticed an ogre
   206 | D:4      | Killed an ogre
   206 | D:4      | Reached skill level 6 in Conjurations
   206 | D:4      | Reached XP level 3. HP: 21/21 MP: 0/7
   206 | D:4      | Reached XP level 4. HP: 27/27 MP: 0/8
   257 | D:4      | Reached skill level 7 in Conjurations
   257 | D:4      | Reached XP level 5. HP: 8/31 MP: 0/9
   266 | D:4      | Learned a level 5 spell: Iskenderun's Battlesphere
   378 | D:4      | Reached skill level 1 in Charms
   425 | D:4      | Reached skill level 2 in Charms
   466 | D:5      | Entered Level 5 of the Dungeon
   482 | D:5      | Reached skill level 3 in Charms
   506 | D:6      | Found a sparkling altar of Nemelex Xobeh.
   587 | D:6      | Reached skill level 4 in Charms
   587 | D:6      | Reached XP level 6. HP: 36/36 MP: 1/10
   603 | D:6      | Reached skill level 5 in Charms
   615 | D:6      | Found a deep blue altar of Sif Muna.
   679 | D:6      | Reached skill level 3 in Spellcasting
   793 | D:7      | Noticed a water moccasin
   802 | D:7      | Killed a water moccasin
   802 | D:7      | Reached skill level 6 in Charms
   802 | D:7      | Reached XP level 7. HP: 21/41 MP: 2/13
   806 | D:7      | Noticed Dowan
   924 | D:6      | Slain by a bullfrog

Skill      XL: |  1  2  3  4  5  6 |
---------------+-------------------+-----
Conjurations   | 5 6 7 |  7.0
Charms         | 4 6 |  6.2
Spellcasting   | 3 |  3.9
Dodging        | |  2.1
Stealth        | |  2.1

Action                   |  1- 3 |  4- 6 |  7- 9 || total
-------------------------+-------+-------+-------++-------
Melee: Hand axe          |     5 |    23 |       ||    28
       Unarmed           |       |    18 |       ||    18
       Quarterstaff      |       |     7 |    14 ||    21
 Cast: Magic Dart        |    12 |    27 |     9 ||    48
       Searing Ray       |     1 |     8 |     1 ||    10
  Use: Potion            |       |     5 |       ||     5
       Scroll            |       |     1 |     2 ||     3
Armor: Skin              |       |    40 |       ||    40
       Robe              |       |     7 |     6 ||    13
Dodge: Dodged            |     3 |    42 |    11 ||    56
